 Dungeon Crawl Stone Soup version 0.31-a0-1616-gbeaec30b81 (webtiles) character file.

Game seed: 14012521452765475522

205 Ge0ff the Changeling (level 5, -9/40 HPs)
             Began as a Merfolk Shapeshifter on Jan 10, 2024.
             Mangled by an ogre
             ... wielding a +0 giant spiked club
              (30 damage)
             ... on level 3 of the Dungeon.
             The game lasted 00:04:42 (2249 turns).

Ge0ff the Changeling (Merfolk Shapeshifter)         Turns: 2249, Time: 00:04:42

Health: -9/40      AC: 10    Str: 19    XL:     5   Next: 83%
Magic:  5/5        EV: 10    Int:  9    God:
Gold:   163        SH:  0    Dex: 14    Spells: 4/4 levels left

rFire   . .          .
                       - Unarmed
rCold   . . .        (no shield)
rNeg    . . .        Y - +4 scale mail of Sandy Tender Moments {+Blink Str+3}
rPois   .            X - melded +0 helmet
rElec   .            (cloak currently unavailable)
rCorr   .            (gloves currently unavailable)
SInv    .            (boots currently unavailable)
Will    .....        (no amulet)
Stlth   +            (no ring)
HPRegen 0.26/turn    (no ring)
MPRegen 0.09/turn

%: no passive effects
@: beast-form
A: beast (slay +2), (nimble swimmer 2), mertail
a: Begin Untransformation, Evoke Blink


You were on level 3 of the Dungeon.
You were a hulking beast.
You visited 1 branch of the dungeon, and saw 3 of its levels.

You collected 163 gold pieces.

Inventory:

Hand Weapons
 O - a +0 sling
Missiles
 H - 6 atropa-tipped darts
 I - 4 poisoned darts
 Q - 5 stones (quivered)
Armour
 X - a +0 helmet (melded)
 Y - the +4 scale mail of Sandy Tender Moments (worn) {+Blink Str+3}
   (You found it on level 2 of the Dungeon)

   Str+3:     It affects your strength (+3).
   +Blink:    It lets you blink.
Magical Staves
 F - a staff of cold
 U - a staff of conjuration
Talismans
 c - a beast talisman (active)
 G - a flux talisman
Wands
 d - a wand of digging (9)
Scrolls
 N - a scroll of summoning {unknown}
 R - a scroll of vulnerability {unknown}
 S - a scroll of enchant armour {unknown}
 V - 2 scrolls of identify {unknown}
 W - a scroll of fear {unknown}
Potions
 D - a potion of attraction {unknown}
 E - a potion of enlightenment {unknown}
 J - a potion of degeneration {unknown}
 K - 2 potions of mutation {unknown}
 L - a potion of lignification
 M - a potion of heal wounds {unknown}
 P - a potion of brilliance {unknown}
 T - a potion of curing {unknown}
 Z - 2 potions of might {unknown}


   Skills:
 + Level 2.9 Fighting
 + Level 1.0 Armour
 - Level 2.6 Dodging
 - Level 2.0 Stealth
 * Level 4.7 Unarmed Combat
 + Level 5.1 Shapeshifting


You had 4 spell levels left.
You didn't know any spells.
Your spell library contained the following spells:

 Spells                   Type           Power      Damage    Failure   Level
 Sandblast                Erth           0%         2d4       77%         1
 Passwall                 Erth           0%         N/A       98%         3
 Stone Arrow              Conj/Erth      0%         3d7       98%         3
 Brom's Barrelling Bould  Conj/Erth      0%         2d3       100%        4
 Olgreb's Toxic Radiance  Alch           0%         N/A       100%        4
 Ozocubu's Refrigeration  Ice            0%         4d7       100%        7
 Discord                  Hex            0%         N/A       100%        8


Dungeon Overview and Level Annotations

Branches:
Dungeon (3/15) Zot: 15759

Altars:

Shops:
D:1 !:=*(


Innate Abilities, Weirdness & Mutations

You are a hulking beast.
Your limbs bulge with bestial killing power. (Slay +2)
((You are very nimble when in or above water. (Stealth+, EV+, Speed+++)))
Your lower body shifts to a powerful aquatic tail in water.


Message History

Found a stone staircase leading up.
D - a fuming dark potion A kobold comes into view.
It is wielding a +0 club.
You punch the kobold!
You kill the kobold!
Q - 11 stones (gained 2)
You see here a +0 club.
You see here a +0 dagger.
An endoplasm comes into view.
You throw a stone. The stone hits the endoplasm.
The endoplasm is heavily wounded.
You hit the endoplasm but do no damage.
The endoplasm is heavily wounded.
The endoplasm freezes you.
You are frozen.
You hit the endoplasm.
You kill the endoplasm!
You now have 163 gold pieces (gained 9).
A ball python comes into view.
The ball python hisses angrily.
You throw a stone. The stone hits the ball python.
You kill the ball python!
A goblin comes into view. It is wielding a +1 dagger of draining.
You throw a stone. The goblin shouts!
The stone hits the goblin.
You kill the goblin!
An ogre comes into view. It is wielding a +0 giant spiked club.
The ogre shouts!
You throw a stone. The stone hits the ogre.
The ogre is lightly wounded.
You throw a stone. The stone barely misses the ogre.
You throw a stone. The stone barely misses the ogre.
The ogre barely misses you.
You hit the ogre.
The ogre is moderately wounded.
You barely miss the ogre.
The ogre is moderately wounded.
The ogre hits you with a +0 giant spiked club!!
Ouch! That really hurt!
You punch the ogre!
The ogre is heavily wounded.
You hit the ogre.
The ogre is severely wounded.
The ogre closely misses you.
You hit the ogre.
The ogre is severely wounded.
The ogre hits you with a +0 giant spiked club!!
Ouch! That really hurt!
You die...

#..........#
#.#....##..##
#..........#
##.########.#
#..........# ##..#
#.# #..........#
##...### ####.##
#..........###......#
#......
#...................#
#......
#..........###......#
#......
##############......#
#...... #.h..######
#...... #..O####
#...... .......
#...... ...$...
#...... .......
#...... ....^..
........ .......
######## .......


You could see an ogre.

Vanquished Creatures
  A black bear (D:3)
  4 adders
  A ribbon worm (D:2)
  2 dart slugs
  5 ball pythons
  6 bats
  8 endoplasms
  4 giant cockroaches
  3 goblins (D:3)
  9 hobgoblins
  7 jackals
  2 quokkas
  5 kobolds
  A rat (D:2)
58 creatures vanquished.

Notes
Turn   | Place    | Note
-------+----------+-------------------------------------------
     0 | D:1      | Ge0ff the Merfolk Shapeshifter began the quest for the Orb.
     0 | D:1      | Reached XP level 1. HP: 15/15 MP: 1/1
   122 | D:1      | Found Qaomow's Weapon Shoppe.
   210 | D:1      | Reached XP level 2. HP: 21/21 MP: 2/2
   249 | D:1      | Reached skill level 1 in Stealth
   271 | D:1      | Found Jodoco Deloh's Assorted Antiques.
   329 | D:1      | Found Emocluf's Jewellery Emporium.
   494 | D:1      | Reached XP level 3. HP: 27/27 MP: 3/3
   597 | D:1      | Found Detize Qeny's Distillery.
   703 | D:1      | Found Diffoneb's Book Shoppe.
  1141 | D:2      | Reached XP level 4. HP: 30/33 MP: 4/4
  1281 | D:2      | Identified the +4 scale mail of Sandy Tender Moments
                  | {+Blink Str+3}
  1914 | D:3      | Noticed a black bear
  1931 | D:3      | Killed a black bear
  1932 | D:3      | Reached skill level 5 in Shapeshifting
  1932 | D:3      | Reached XP level 5. HP: 28/40 MP: 5/5
  2026 | D:3      | Reached skill level 1 in Armour
  2241 | D:3      | Noticed an ogre
  2249 | D:3      | Mangled by an ogre

Illustrated notes

Levels and vault maps discovered:
D:1:      minmay_arrival_four_circles, layout_basic, serial_shops, shop,
          nicolae_shop_pleasant_corner_grove, shop, shop, shop
D:2:      layout_basic, minivault_25, minmay_stone_trees_small
D:3:      layout_rooms, nicolae_concentric_dashed_squares_mild,
          grunt_ministairs_14, nicolae_eternal_life

Skill      XL: |  1  2  3  4  5 |
---------------+----------------+-----
Stealth        | 1 2 |  2.0
Fighting       | 2 |  2.9
Unarmed Combat | 4 |  4.7
Shapeshifting  | 5 |  5.1
Armour         | 1 |  1.0
Dodging        | |  2.6

Action                     |  1- 3 |  4- 6 || total
---------------------------+-------+-------++-------
  Melee: Unarmed           |    77 |    80 ||   157
         Punch             |     1 |     4 ||     5
  Throw: Stone             |       |    17 ||    17
Ability: Begin Untransform |       |     1 ||     1
   Stab: Sleeping          |     5 |     1 ||     6
         Distracted        |     1 |       ||     1
 Armour: Animal skin       |    25 |     3 ||    28
         Scale mail        |       |    49 ||    49
  Dodge: Dodged            |    50 |    32 ||    82
   Form: Beast             |       |     1 ||     1

Table legend: (Time is in decaauts)
 A = Elapsed time spent in this place.
 B = Non-inter-level travel time spent in this place.
 C = Inter-level travel time spent in this place.
 D = Time resting spent in this place.
 E = Time spent auto-exploring this place.
 F = Levels seen in this place.
 G = Mean time per level.
                   A        B        C        D        E       F      G
               +--------+--------+--------+--------+--------+-----+--------+
         Total |   2239 |   2163 |     76 |      0 |   1634 |   3 |  746.3 |
       Dungeon |   2239 |   2163 |     76 |      0 |   1634 |   3 |  746.3 |
               +--------+--------+--------+--------+--------+-----+--------+

Top non-repeatable levels by time:
     D:1: 1076 daAuts
     D:2: 651 daAuts
     D:3: 511 daAuts
